[Event "Titled Tuesday Blitz April 4 Late 2023"]
[White "Erigaisi Arjun"]
[Black "Kramnik, Vladimir"]
[WhiteFideId "35009192"]
[BlackFideId "4101588"]
[WhiteElo "2737"]
[BlackElo "2712"]
[Result "0-1"]
[Round "09"]
[TimeControl "180+2"]
[Date "2023.04.04"]
[WhiteClock "0:01:20"]
[BlackClock "0:01:37"]

1. b3 e5 2. Bb2 Nc6 3. e3 Nf6 4. c4 d5 5. cxd5 Nxd5 6. a3 Be6 7. Qc2 Qd7 8. Nf3 f6 9. d3 O-O-O 10. Nbd2 g5 11. Ne4 g4 12. Nfd2 Kb8 13. b4 a6 14. Rc1 f5 15. Nc5 Bxc5 16. Qxc5 f4 17. Ne4 Bf5 18. Be2 Bxe4 19. dxe4 Nxe3 20. fxe3 Qd2+ 21. Kf1 f3 0-1


[Site "https://www.chess.com"]

[Event "Titled Tuesday Blitz April 4 Late 2023"]
[White "Sargsyan, Shant"]
[Black "Indjic, Aleksandar"]
[WhiteFideId "13306766"]
[BlackFideId "911925"]
[WhiteElo "2628"]
[BlackElo "2614"]
[Result "1/2-1/2"]
[Round "09"]
[TimeControl "180+2"]
[Date "2023.04.04"]
[WhiteClock "0:00:59"]
[BlackClock "0:01:06"]

1. Nf3 Nf6 2. c4 e6 3. d4 c5 4. g3 cxd4 5. Nxd4 Qc7 6. Nc3 a6 7. Bg2 Qxc4 8. Bf4 Nc6 9. Nb3 d5 10. Rc1 Qb4 11. O-O Be7 12. Bc7 Qg4 13. e4 Qxd1 14. Rfxd1 Nxe4 15. Nxe4 dxe4 16. Bxe4 Bd7 17. Bb6 Rc8 18. Rc2 Bd8 19. Bxd8 Nxd8 20. Rcd2 Bc6 21. Bxc6+ Nxc6 22. Nc5 Rc7 23. Rd7 Rxd7 24. Rxd7 b6 25. Rc7 bxc5 26. Rxc6 Kd7 27. Rxc5 Rb8 28. b3 Kd6 29. Ra5 Rb6 30. Kg2 Rc6 31. h4 Kc7 1/2-1/2


[Site "https://www.chess.com"]

[Event "Titled Tuesday Blitz April 4 Late 2023"]
[White "Naroditsky, Daniel"]
[Black "Alekseenko, Kirill"]
[WhiteFideId "2026961"]
[BlackFideId "4135539"]
[WhiteElo "2633"]
[BlackElo "2683"]
[Result "0-1"]
[Round "09"]
[TimeControl "180+2"]
[Date "2023.04.04"]
[WhiteClock "0:00:03"]
[BlackClock "0:00:11"]

1. d4 d5 2. Nc3 Nf6 3. Bf4 e6 4. Nb5 Na6 5. e3 Be7 6. Nf3 O-O 7. h4 Ne4 8. Nd2 Nf6 9. h5 h6 10. a3 c6 11. Nc3 Bd6 12. Bxd6 Qxd6 13. Bxa6 bxa6 14. Nf3 a5 15. Na4 Ne4 16. Nd2 f5 17. Nxe4 fxe4 18. Qd2 e5 19. O-O-O exd4 20. exd4 Bg4 21. Rde1 Qf6 22. f3 exf3 23. gxf3 Bxf3 24. Rhg1 Bxh5 25. Nc5 Rf7 26. Re6 Qf5 27. b3 Kh7 28. Kb2 a4 29. b4 a5 30. bxa5 Rb8+ 31. Ka2 Qf2 32. Qc1 Be2 33. Ka1 Qxd4+ 34. c3 Qxc5 35. Rh1 h5 36. Rxe2 d4 37. Rc2 d3 38. Rch2 Rf5 39. Rd2 Qc4 40. Rdh2 Qd5 41. Rd1 Rb3 42. Ra2 Rf3 43. c4 Qd4+ 44. Rb2 Rxa3+ 45. Kb1 Rb3 46. Rxb3 axb3 47. Qa3 Qxc4 48. Rc1 Qe4 49. Rd1 d2+ 50. Ka1 Qc2 51. Rb1 d1=Q 52. Rxd1 Qxd1+ 53. Kb2 Qc2+ 54. Ka1 Rf1+ 0-1


[Site "https://www.chess.com"]

[Event "Titled Tuesday Blitz April 4 Late 2023"]
[White "Chigaev, Maksim"]
[Black "Andreikin, Dmitry"]
[WhiteFideId "4108116"]
[BlackFideId "4158814"]
[WhiteElo "2547"]
[BlackElo "2736"]
[Result "0-1"]
[Round "09"]
[TimeControl "180+2"]
[Date "2023.04.04"]
[WhiteClock "0:00:01"]
[BlackClock "0:00:18"]

1. e4 c5 2. Nf3 e6 3. b3 b6 4. Bb2 Bb7 5. Qe2 Nc6 6. Nc3 a6 7. O-O-O b5 8. Kb1 Qa5 9. Nd5 Rc8 10. g4 Nge7 11. Nxe7 Bxe7 12. Qe3 c4 13. c3 O-O 14. h4 d5 15. exd5 exd5 16. Nd4 Rfe8 17. Bg2 Bf6 18. Nxc6 Bxc6 19. Qc5 Be7 20. Qd4 Bf6 21. Qc5 Bd7 22. Qa7 cxb3 23. axb3 Bxg4 24. Bxd5 Bf5+ 25. d3 Be6 26. Bxe6 Rxe6 27. b4 Qa4 28. d4 Re2 29. Rc1 0-1


[Site "https://www.chess.com"]

[Event "Titled Tuesday Blitz April 4 Late 2023"]
[White "Paravyan, David"]
[Black "Duda, Jan-Krzysztof"]
[WhiteFideId "4194985"]
[BlackFideId "1170546"]
[WhiteElo "2563"]
[BlackElo "2790"]
[Result "0-1"]
[Round "09"]
[TimeControl "180+2"]
[Date "2023.04.04"]
[WhiteClock "0:00:01"]
[BlackClock "0:00:11"]

1. e4 c5 2. Nf3 d6 3. d4 cxd4 4. Nxd4 Nf6 5. Nc3 a6 6. Bd3 g6 7. Be2 Bg7 8. Be3 b5 9. a4 b4 10. Nd5 Bb7 11. Bf3 Nbd7 12. Nxb4 Ne5 13. a5 Nxe4 14. Be2 O-O 15. O-O Qc7 16. Nb3 Nc4 17. Bxc4 Qxc4 18. c3 Bxc3 19. bxc3 Nxc3 20. Qd2 Qxb4 21. Nd4 Rab8 22. Rfb1 Qc4 23. Rc1 Qd5 24. f3 Nb5 25. Nxb5 Qxb5 26. Rab1 Qd7 27. Ba7 Rbc8 28. h3 Rxc1+ 29. Rxc1 Bc6 30. Bd4 Bb5 31. Rd1 f6 32. Bb6 Kg7 33. Re1 Rc8 34. Kh2 Rc4 35. Qf2 e5 36. Be3 d5 37. f4 d4 38. Bd2 Qf5 39. Qf3 Bc6 40. Qb3 Rc2 41. Re2 Rxd2 0-1


[Site "https://www.chess.com"]

[Event "Titled Tuesday Blitz April 4 Late 2023"]
[White "Grigoriants, Sergey"]
[Black "Hakobyan, Aram"]
[WhiteFideId "4130804"]
[BlackFideId "13306677"]
[WhiteElo "2502"]
[BlackElo "2584"]
[Result "0-1"]
[Round "09"]
[TimeControl "180+2"]
[Date "2023.04.04"]
[WhiteClock "0:00:04"]
[BlackClock "0:00:38"]

1. d4 g6 2. e4 Bg7 3. Nf3 Nf6 4. Bd3 d5 5. e5 Ne4 6. Nbd2 Nxd2 7. Bxd2 c5 8. c3 Bg4 9. h3 Bxf3 10. Qxf3 Nc6 11. Bb5 Qb6 12. Qd3 O-O 13. Bxc6 bxc6 14. b4 cxd4 15. cxd4 f6 16. exf6 Bxf6 17. Bc3 Qb5 18. Qxb5 cxb5 19. Ke2 Rfc8 20. Kd3 Rc4 21. Rhb1 Rac8 22. Rb3 e5 23. a4 e4+ 24. Kd2 Bg5+ 25. Kc2 Rf8 26. Rf1 bxa4 27. Ra3 Be3 28. Kb2 Bxd4 29. Bxd4 Rxb4+ 30. Kc3 Rc4+ 31. Kd2 Rxd4+ 32. Ke3 Rb4 33. Rd1 Rb3+ 34. Rxb3 axb3 35. Rxd5 Rb8 36. Rd1 a5 0-1


[Site "https://www.chess.com"]

[Event "Titled Tuesday Blitz April 4 Late 2023"]
[White "Sadhwani, Raunak"]
[Black "Vakhlamov, Igor L."]
[WhiteFideId "35093487"]
[BlackFideId "24126748"]
[WhiteElo "2631"]
[BlackElo "2400"]
[Result "1-0"]
[Round "09"]
[TimeControl "180+2"]
[Date "2023.04.04"]
[WhiteClock "0:01:19"]
[BlackClock "0:00:43"]

1. Nf3 d5 2. b3 Nf6 3. Bb2 e6 4. g3 Be7 5. Bg2 O-O 6. O-O c5 7. c4 Nc6 8. e3 Re8 9. Qe2 b6 10. d3 Bb7 11. Na3 Qd7 12. Nc2 Rad8 13. Rad1 h6 14. Nfe1 e5 15. cxd5 Nxd5 16. Na3 Bd6 17. Bxd5 Nb4 18. Bxb7 Qxb7 19. Nc4 Nxa2 20. Nxd6 Rxd6 21. Bxe5 Rxe5 22. Qxa2 Qd7 23. d4 Rh5 24. Qe2 Qh3 25. f4 Rg6 26. Qg2 Qe6 27. e4 Qxb3 28. Qf3 Qxf3 29. Nxf3 cxd4 30. e5 f6 31. e6 f5 32. Rfe1 Kf8 33. Rxd4 Ke7 34. Rd7+ Ke8 35. Rxa7 Rxe6 36. Rxe6+ 1-0


[Site "https://www.chess.com"]

[Event "Titled Tuesday Blitz April 4 Late 2023"]
[White "Bortnyk, Olexandr"]
[Black "Timmermans, Mark"]
[WhiteFideId "14120828"]
[BlackFideId "1026399"]
[WhiteElo "2734"]
[BlackElo "2460"]
[Result "1-0"]
[Round "09"]
[TimeControl "180+2"]
[Date "2023.04.04"]
[WhiteClock "0:00:17"]
[BlackClock "0:00:10"]

1. d4 Nf6 2. Nc3 c5 3. d5 d6 4. e4 g6 5. f4 a6 6. Nf3 Bg7 7. e5 Nfd7 8. Qe2 O-O 9. h4 Re8 10. e6 fxe6 11. Qxe6+ Kh8 12. Ng5 Ne5 13. h5 Bxe6 14. Nxe6 Qa5 15. fxe5 Bxe5 16. hxg6 Bxc3+ 17. Kd1 Be5 18. Bd3 c4 19. g7+ Kg8 20. Rxh7 Qxd5 21. Rh8+ Kf7 22. Rf8+ Kxe6 23. g8=Q+ Kd7 24. Qxd5 1-0


[Site "https://www.chess.com"]

[Event "Titled Tuesday Blitz April 4 Late 2023"]
[White "Vidit, Santosh Gujrathi"]
[Black "Holt, Conrad"]
[WhiteFideId "5029465"]
[BlackFideId "2034387"]
[WhiteElo "2651"]
[BlackElo "2592"]
[Result "0-1"]
[Round "09"]
[TimeControl "180+2"]
[Date "2023.04.04"]
[WhiteClock "0:00:12"]
[BlackClock "0:00:47"]

1. e4 e6 2. d4 d5 3. Nc3 Nf6 4. e5 Nfd7 5. f4 c5 6. Nf3 Nc6 7. Be3 cxd4 8. Nxd4 Bc5 9. Qd2 O-O 10. O-O-O a6 11. Nb3 Bb4 12. Bd3 f6 13. exf6 Qxf6 14. Rhe1 e5 15. fxe5 Ndxe5 16. Kb1 Be6 17. Bc5 Nxd3 18. Qxd3 Bxc3 19. bxc3 Rfe8 20. Rf1 Qh4 21. Rde1 Bf7 22. Rxe8+ Rxe8 23. Qf5 Re1+ 24. Rxe1 Qxe1+ 25. Kb2 Qe8 26. Bd4 h6 27. Nc5 Na5 28. a3 Nc4+ 29. Ka2 b6 30. Nd7 Qe7 31. Kb1 Be6 32. Nf6+ Qxf6 0-1


[Site "https://www.chess.com"]

[Event "Titled Tuesday Blitz April 4 Late 2023"]
[White "Kilic, Eray"]
[Black "Bluebaum, Matthias"]
[WhiteFideId "44517173"]
[BlackFideId "24651516"]
[WhiteElo "2328"]
[BlackElo "2638"]
[Result "0-1"]
[Round "09"]
[TimeControl "180+2"]
[Date "2023.04.04"]
[WhiteClock "0:00:09"]
[BlackClock "0:00:10"]

1. Nf3 d5 2. g3 Nf6 3. Bg2 e6 4. b3 Bd6 5. Bb2 O-O 6. O-O Nc6 7. d4 a5 8. a4 b6 9. Re1 Ba6 10. Nbd2 Bb7 11. Ne5 Bxe5 12. dxe5 Nd7 13. e4 Ne7 14. exd5 Bxd5 15. Ne4 Qc8 16. c4 Bc6 17. Ba3 Re8 18. Bxe7 Rxe7 19. Nf6+ gxf6 20. Bxc6 Nxe5 21. Bxa8 Qxa8 22. Re3 Rd7 23. Qe2 Qd8 24. Rf1 Rd2 25. Qh5 Qd4 26. h3 Kg7 27. Qh4 Qxh4 28. gxh4 Ng6 29. Rg3 h5 30. f4 f5 31. Rg5 Kh6 32. Rg3 Nxh4 33. c5 Rc2 34. cxb6 cxb6 35. Rd1 Ng6 36. Rd4 h4 37. Rf3 Ne7 38. Rd7 Nd5 39. Rxf7 Kg6 40. Rb7 Rd2 41. Kf1 Rd4 42. Kf2 Rb4 43. Ke2 Nxf4+ 44. Kd2 Nd5 45. Rb8 Kf6 46. Re8 Rd4+ 47. Kc2 f4 48. Rh8 Kg5 49. Rg8+ Kf5 50. Rg4 e5 51. Rg8 e4 52. Rf8+ Ke5 53. Re8+ Kd6 54. Rd8+ Ke6 55. Rxf4 Nb4+ 56. Kc3 Rxd8 57. Rxe4+ Kd5 58. Rxh4 Rc8+ 59. Rc4 Rg8 60. Rd4+ Kc5 61. Rc4+ Kd6 62. Rh4 Rc8+ 63. Kd4 Rc1 64. Rh6+ Kc7 65. Rh7+ Kc6 66. Rh6+ Kb7 67. Rh7+ Ka6 68. h4 Rd1+ 69. Kc3 Rd3+ 70. Kc4 Rh3 71. h5 Nc6 72. Kd5 Nb4+ 73. Kc4 Nc2 74. h6 Ne3+ 75. Kd4 Rxh6 76. Rf7 Nc2+ 77. Kd5 Nb4+ 78. Kd4 Rd6+ 79. Ke5 Rc6 80. Rf3 Kb7 81. Rg3 Rc7 82. Kd6 Rc6+ 83. Kd7 Na6 84. Rh3 Nc5+ 85. Ke7 Re6+ 86. Kf7 Re4 87. Kf6 Rb4 88. Ke5 Rxb3 89. Rh7+ Ka6 90. Rh8 Rd3 91. Ra8+ Kb7 92. Rh8 Nxa4 93. Ke4 Nc5+ 94. Ke5 a4 95. Rh1 a3 96. Ra1 Ka6 97. Rc1 Kb5 0-1


[Site "https://www.chess.com"]

[Event "Titled Tuesday Blitz April 4 Late 2023"]
[White "Martinez Alcantara, Jose Eduardo"]
[Black "Beerdsen, Thomas"]
[WhiteFideId "3805662"]
[BlackFideId "1030108"]
[WhiteElo "2711"]
[BlackElo "2547"]
[Result "0-1"]
[Round "09"]
[TimeControl "180+2"]
[Date "2023.04.04"]
[WhiteClock "0:00:16"]
[BlackClock "0:00:04"]

1. e4 c5 2. Nf3 Nc6 3. Nc3 Nf6 4. Bb5 Qc7 5. Bxc6 Qxc6 6. d3 e6 7. Qe2 Be7 8. O-O h6 9. Re1 O-O 10. h3 b5 11. Bf4 Bb7 12. Qd2 Kh7 13. Ne2 d5 14. e5 Nh5 15. Bh2 d4 16. Ng3 Nxg3 17. Bxg3 Qd7 18. Qe2 Kg8 19. Nd2 Rac8 20. b3 a6 21. Kh2 Bd8 22. f4 Ba5 23. Rf1 Bxd2 24. Qxd2 f5 25. exf6 Rxf6 26. Rf2 Rg6 27. Re1 Rf8 28. Re5 Rf5 29. Rfe2 Kh7 30. Rxf5 exf5 31. Re5 Qc6 32. Qf2 Qc8 33. Qe2 a5 34. Qh5 Qc6 35. Qe2 Qc8 36. Qe1 Qc6 37. Qf2 Qc8 38. Re2 a4 39. Qe1 axb3 40. axb3 Qc6 41. Qf2 Re6 42. Re5 Rxe5 43. fxe5 Qe6 44. b4 cxb4 45. Qxd4 Qc6 46. Qf2 Bc8 47. Bf4 g5 48. Be3 f4 49. Bc5 Bb7 50. Bxb4 h5 51. Bd6 Kg6 52. Qe2 Qd5 53. c4 bxc4 54. dxc4 Qc6 55. c5 Qe4 56. Qa2 Bd5 57. Qf2 g4 58. hxg4 hxg4 59. Kg1 g3 60. Qf1 Qe3+ 61. Kh1 f3 62. Qb1+ Be4 0-1


[Site "https://www.chess.com"]

[Event "Titled Tuesday Blitz April 4 Late 2023"]
[White "Aydincelebi, Kagan"]
[Black "Kollars, Dmitrij"]
[WhiteFideId "6361102"]
[BlackFideId "12909572"]
[WhiteElo "2180"]
[BlackElo "2584"]
[Result "0-1"]
[Round "09"]
[TimeControl "180+2"]
[Date "2023.04.04"]
[WhiteClock "0:00:29"]
[BlackClock "0:00:51"]

1. e4 e5 2. Nf3 Nc6 3. Bb5 a6 4. Ba4 Nf6 5. O-O Bc5 6. c3 b5 7. Bb3 d6 8. d4 Bb6 9. Be3 O-O 10. h3 Bb7 11. Nbd2 h6 12. Re1 Re8 13. d5 Ne7 14. Bxb6 cxb6 15. a4 bxa4 16. Bxa4 Rf8 17. Nf1 Nd7 18. Ng3 g6 19. Qd2 Kg7 20. Bc2 a5 21. Bd3 Qc7 22. Bb5 Nc5 23. Qe3 a4 24. Nd2 Ra5 25. Bf1 Bc8 26. Nc4 Ra7 27. Na3 Bd7 28. Nb5 Bxb5 29. Bxb5 Ra5 30. Bf1 f5 31. exf5 Nxf5 32. Nxf5+ Rxf5 33. Be2 Qf7 34. Bg4 Rf6 35. h4 Qxd5 36. Rad1 Qc4 37. Qh3 Qf4 38. Re2 h5 39. Bc8 Ra7 40. g3 Qf3 41. Red2 Ne4 42. Rc2 Nxf2 0-1


[Site "https://www.chess.com"]

[Event "Titled Tuesday Blitz April 4 Late 2023"]
[White "Zhigalko, Sergei"]
[Black "Rodshtein, Maxim"]
[WhiteFideId "13502956"]
[BlackFideId "2806851"]
[WhiteElo "2626"]
[BlackElo "2555"]
[Result "1-0"]
[Round "09"]
[TimeControl "180+2"]
[Date "2023.04.04"]
[WhiteClock "0:00:07"]
[BlackClock "0:00:02"]

1. e4 c5 2. Nf3 d6 3. d4 cxd4 4. Qxd4 a6 5. Bc4 Nc6 6. Qd3 e6 7. Nc3 Nf6 8. Bf4 Nh5 9. Be3 b5 10. Bb3 Bb7 11. O-O-O Qc7 12. Nd4 Nxd4 13. Bxd4 Be7 14. Nxb5 axb5 15. Qxb5+ Bc6 16. Qxh5 Bxe4 17. Rhe1 Bg6 18. Qb5+ Kf8 19. Qb6 Qc8 20. Bc3 Ra6 21. Qe3 h5 22. f4 Bf5 23. Rd2 Rc6 24. Bb4 Kg8 25. Red1 h4 26. c3 Qb7 27. Bc2 Bxc2 28. Rxc2 Rb6 29. a3 d5 30. Bxe7 1-0


[Site "https://www.chess.com"]

[Event "Titled Tuesday Blitz April 4 Late 2023"]
[White "Kravtsiv, Martyn"]
[Black "Ezat, Mohamed"]
[WhiteFideId "14113147"]
[BlackFideId "10600906"]
[WhiteElo "2695"]
[BlackElo "2386"]
[Result "1-0"]
[Round "09"]
[TimeControl "180+2"]
[Date "2023.04.04"]
[WhiteClock "0:01:23"]
[BlackClock "0:00:58"]

1. e4 c6 2. Nf3 d5 3. d3 dxe4 4. dxe4 Qxd1+ 5. Kxd1 Bg4 6. Be2 Nd7 7. Nbd2 e5 8. Ne1 Be6 9. Nd3 f6 10. c3 Nc5 11. Kc2 Nxd3 12. Bxd3 Bc5 13. f3 O-O-O 14. Nb3 Bb6 15. Rd1 Ne7 16. a4 a6 17. c4 Ng6 18. Bd2 Nh4 19. Bf1 g5 20. Bb4 Ng6 21. a5 Ba7 22. Bc5 Bxc5 23. Nxc5 Bf7 24. b4 Nf4 25. b5 Ne6 26. Nxe6 Bxe6 27. bxa6 bxa6 28. c5 Kb7 29. Rab1+ Kc7 30. Bxa6 Rxd1 31. Rb7+ Kd8 32. Kxd1 Bd7 33. Rb8+ 1-0


[Site "https://www.chess.com"]

[Event "Titled Tuesday Blitz April 4 Late 2023"]
[White "Makhnev, Denis"]
[Black "Goltsev, Dmitry"]
[WhiteFideId "13707647"]
[BlackFideId "24176710"]
[WhiteElo "2515"]
[BlackElo "2336"]
[Result "1-0"]
[Round "09"]
[TimeControl "180+2"]
[Date "2023.04.04"]
[WhiteClock "0:00:06"]
[BlackClock "0:00:02"]

1. d4 Nf6 2. c4 e6 3. Nf3 b6 4. g3 Ba6 5. Qc2 Bb4+ 6. Bd2 Be7 7. Bg2 d5 8. Ne5 O-O 9. O-O c5 10. dxc5 Bxc5 11. Nc3 Bd4 12. cxd5 exd5 13. Nf3 Bc5 14. Bg5 Nbd7 15. Nxd5 h6 16. Bh4 Rc8 17. Qf5 Bxe2 18. Rfe1 Re8 19. Nxf6+ Nxf6 20. Ne5 Bxf2+ 21. Qxf2 Rxe5 22. Bxf6 Qxf6 23. Rxe2 Rxe2 24. Qxe2 Qd4+ 25. Kh1 Rd8 26. Re1 Qb4 27. a3 Qb3 28. Bf3 g6 29. Kg2 Rd3 30. Be4 Rd4 31. Bf3 Rd3 32. Qf2 Kg7 33. Re2 Qc4 34. Rd2 Rb3 35. Bd5 Qb5 36. Qxf7+ Kh8 37. Qg8# 1-0


[Site "https://www.chess.com"]

[Event "Titled Tuesday Blitz April 4 Late 2023"]
[White "Papasimakopoulos, Alexandros"]
[Black "Makarian, Rudik"]
[WhiteFideId "4244125"]
[BlackFideId "44105681"]
[WhiteElo "2359"]
[BlackElo "2430"]
[Result "0-1"]
[Round "09"]
[TimeControl "180+2"]
[Date "2023.04.04"]
[WhiteClock "0:00:01"]
[BlackClock "0:00:09"]

1. d4 Nf6 2. c4 e6 3. Nc3 d5 4. cxd5 exd5 5. Bg5 c6 6. e3 h6 7. Bh4 Be7 8. Bd3 O-O 9. Qc2 Nbd7 10. Nf3 Re8 11. O-O Ne4 12. Bxe7 Qxe7 13. Bxe4 dxe4 14. Nd2 Nf6 15. Rab1 h5 16. b4 a6 17. a4 h4 18. h3 Bf5 19. Ne2 Qd7 20. Nc4 Rad8 21. Ne5 Qc8 22. b5 axb5 23. axb5 c5 24. Rfc1 cxd4 25. Qxc8 Rxc8 26. Rxc8 Bxc8 27. exd4 Nd5 28. Rc1 Be6 29. Nc4 Rd8 30. Na5 b6 31. Nc6 Ra8 32. Nc3 Nxc3 33. Rxc3 Ra1+ 34. Kh2 Ra2 35. d5 Bd7 36. Ne5 Bxb5 37. Rc8+ Kh7 38. Nxf7 Kg6 39. Ne5+ Kf5 40. Ng4 Be2 41. Rf8+ Kg5 42. Ne5 Rd2 43. d6 Bb5 44. Rb8 Rd5 45. Ng4 Rxd6 46. Ne3 Bd7 47. Rb7 b5 48. Rb8 Kf4 49. Rb7 Ke5 50. Rb8 Kd4 0-1


[Site "https://www.chess.com"]

[Event "Titled Tuesday Blitz April 4 Late 2023"]
[White "tuschessCM1"]
[Black "Hansen, Eric"]
[BlackFideId "2606771"]
[WhiteElo "2743"]
[BlackElo "2561"]
[Result "1-0"]
[Round "09"]
[TimeControl "180+2"]
[Date "2023.04.04"]
[WhiteClock "0:00:17"]
[BlackClock "0:00:11"]

1. c4 e5 2. g3 Nf6 3. Bg2 d5 4. cxd5 Nxd5 5. Nf3 Nc6 6. O-O Nb6 7. b3 Bd6 8. Bb2 O-O 9. Nc3 Re8 10. Rc1 Bf5 11. Nh4 Bd7 12. Ne4 Qe7 13. e3 Rad8 14. f4 Ba3 15. Bxa3 Qxa3 16. Qh5 exf4 17. Ng5 Be6 18. Qxh7+ Kf8 19. gxf4 Rxd2 20. f5 Rxg2+ 21. Nxg2 Bd5 22. Nf4 Qb2 23. f6 Re5 24. Qh8# 1-0


[Site "https://www.chess.com"]

[Event "Titled Tuesday Blitz April 4 Late 2023"]
[White "Melkumyan, Hrant"]
[Black "Thomforde-Toates, Noah"]
[WhiteFideId "13302485"]
[BlackFideId "30951992"]
[WhiteElo "2604"]
[BlackElo "2713"]
[Result "0-1"]
[Round "09"]
[TimeControl "180+2"]
[Date "2023.04.04"]
[WhiteClock "0:01:41"]
[BlackClock "0:01:29"]

1. d4 Nf6 2. c4 g6 3. Nc3 Bg7 4. e4 d6 5. Be2 O-O 6. h4 c5 7. d5 e6 8. h5 exd5 9. exd5 Re8 10. h6 Bh8 11. Bg5 Qa5 12. Kf1 Bf5 13. f3 Na6 14. g4 Bc8 15. Nh3 Nd7 16. Nf2 Nc7 17. Nfe4 Qa6 18. a4 Ne5 19. Nf6+ Bxf6 20. Bxf6 Nxc4 21. Kf2 Ne3 22. Qd2 Qa5 23. Bg5 Ncxd5 24. Nxd5 Qxd2 25. Nf6+ Kh8 26. Nxe8 Nxg4+ 27. fxg4 Qxg5 28. Rad1 Bxg4 29. Nxd6 Qf4+ 30. Ke1 Qe3 31. Rh2 Qg1+ 0-1


[Site "https://www.chess.com"]

[Event "Titled Tuesday Blitz April 4 Late 2023"]
[White "Rustemov, Alexander"]
[Black "Matinian, Nikita"]
[WhiteFideId "4119002"]
[BlackFideId "24129100"]
[WhiteElo "2845"]
[BlackElo "2422"]
[Result "0-1"]
[Round "09"]
[TimeControl "180+2"]
[Date "2023.04.04"]
[WhiteClock "0:00:13"]
[BlackClock "0:00:44"]

1. d4 d6 2. Nf3 g6 3. c4 Bg7 4. g3 Nf6 5. Bg2 O-O 6. Nc3 Nc6 7. O-O a6 8. h3 Rb8 9. e4 b5 10. d5 Na5 11. cxb5 axb5 12. b4 Nc4 13. Nd4 Bd7 14. a4 bxa4 15. b5 a3 16. Qd3 Nb2 17. Qc2 Nxd5 18. Nxd5 Bxd4 19. Rxa3 Bxb5 20. Re1 Nc4 21. Rc3 Bxc3 22. Qxc3 f6 23. Bh6 Rf7 24. f4 c6 25. Ne3 Nxe3 26. Rxe3 Ra8 27. Kh2 Ra2 28. Qb3 Qa8 29. e5 c5 30. Rf3 Bc6 31. e6 Rxg2+ 32. Kxg2 Bxf3+ 33. Kf2 Rf8 34. Bxf8 Kxf8 35. g4 Bd5 36. Qe3 Qa2+ 37. Ke1 Bxe6 38. f5 Qa1+ 39. Kf2 Bf7 40. Qh6+ Kg8 41. fxg6 hxg6 42. h4 Qd4+ 43. Kg3 Qe5+ 44. Kf2 c4 45. Qc1 c3 46. Qb1 Qc5+ 47. Kg3 c2 48. Qc1 Qc3+ 49. Kf2 Qd4+ 50. Kg3 Qd1 0-1


[Site "https://www.chess.com"]

[Event "Titled Tuesday Blitz April 4 Late 2023"]
[White "Szpar, Milosz"]
[Black "Przybylski, Wojciech"]
[WhiteFideId "1184989"]
[BlackFideId "1117599"]
[WhiteElo "2436"]
[BlackElo "2222"]
[Result "1/2-1/2"]
[Round "09"]
[TimeControl "180+2"]
[Date "2023.04.04"]
[WhiteClock "0:00:07"]
[BlackClock "0:00:12"]

1. e4 e5 2. Nf3 Nf6 3. d4 Nxe4 4. Bd3 d5 5. Nxe5 Nd7 6. Nxd7 Bxd7 7. O-O Bd6 8. Nc3 Nxc3 9. bxc3 O-O 10. Qh5 f5 11. Bg5 Qe8 12. Qf3 Qf7 13. Bf4 Bxf4 14. Qxf4 c6 15. h4 Rae8 16. Rae1 h6 17. g3 a6 18. a4 Bc8 19. a5 Re7 20. Kg2 Qe8 21. Rb1 Re4 22. Bxe4 fxe4 23. Qe5 Qd7 24. Rh1 Qg4 25. Rbf1 Qf3+ 26. Kg1 Qxc3 27. h5 Bg4 28. Rh4 Be2 29. Rf4 Rxf4 30. gxf4 Qh3 31. Qe8+ Kh7 32. Qg6+ Kg8 33. Qe8+ Kh7 34. Qg6+ Kg8 35. Qe8+ 1/2-1/2


[Site "https://www.chess.com"]

[Event "Titled Tuesday Blitz April 4 Late 2023"]
[White "cryptoguru02"]
[Black "Maksimovic, Bojan"]
[BlackFideId "14408120"]
[WhiteElo "2622"]
[BlackElo "2468"]
[Result "0-1"]
[Round "09"]
[TimeControl "180+2"]
[Date "2023.04.04"]
[WhiteClock "0:00:02"]
[BlackClock "0:00:03"]

1. d4 h6 2. e4 g6 3. Nc3 Bg7 4. f4 d6 5. Nf3 e6 6. Bd3 Ne7 7. O-O b6 8. Qe2 Bb7 9. f5 Nd7 10. a4 a6 11. fxe6 fxe6 12. Bc4 Nf8 13. Be3 Qd7 14. Rad1 g5 15. h4 g4 16. Ne1 h5 17. g3 d5 18. Bd3 dxe4 19. Nxe4 Nd5 20. c3 Nxe3 21. Qxe3 O-O-O 22. Ng5 Bh6 23. Be4 Bxg5 24. Bxb7+ Kxb7 25. Qxg5 Nh7 26. Qe3 Rdf8 27. Rxf8 Rxf8 28. Rd2 Nf6 29. Rf2 Nd5 30. Qe4 Rxf2 31. Kxf2 Kb8 32. Nd3 Qxa4 33. Ne5 Qd1 34. Nd7+ Kb7 35. Nf8 Qd2+ 36. Qe2 Qxe2+ 37. Kxe2 e5 38. dxe5 c5 39. Ne6 Kc6 40. Ng7 a5 41. Nxh5 a4 42. Ng7 Nxc3+ 43. Kd3 Nd5 44. h5 Ne7 45. h6 Ng6 46. Nf5 Kd5 47. Ne3+ Kxe5 48. Nxg4+ Kd6 49. h7 b5 50. Ne3 Nh8 51. g4 Ke5 52. g5 Kf4 53. Nd5+ Kxg5 54. Nc7 b4 55. Kc4 Kh6 56. Kxc5 a3 0-1


[Site "https://www.chess.com"]

[Event "Titled Tuesday Blitz April 4 Late 2023"]
[White "Yeletsky, Ivan"]
[Black "Kavutskiy, Konstantin"]
[WhiteFideId "24180327"]
[BlackFideId "2026384"]
[WhiteElo "2422"]
[BlackElo "2323"]
[Result "1-0"]
[Round "09"]
[TimeControl "180+2"]
[Date "2023.04.04"]
[WhiteClock "0:01:02"]
[BlackClock "0:00:20"]

1. e4 c5 2. Nf3 Nc6 3. d4 cxd4 4. Nxd4 Nf6 5. Nc3 e5 6. Ndb5 d6 7. Bg5 a6 8. Na3 b5 9. Nd5 Be7 10. Bxf6 Bxf6 11. c3 Rb8 12. Nc2 Bg5 13. a4 bxa4 14. Ncb4 Nxb4 15. cxb4 O-O 16. h4 Bh6 17. Rxa4 a5 18. b5 Bd7 19. b3 Rc8 20. Rc4 Kh8 21. Rxc8 Qxc8 22. Bc4 a4 23. O-O a3 24. b6 Qc5 25. Qd3 Ra8 26. b4 Qc6 27. Ra1 Rc8 28. Rxa3 g6 29. Ne7 Qxc4 30. Qxc4 Rxc4 31. b7 Rxb4 32. Ra8+ Kg7 33. Rg8+ Kf6 34. Nd5+ 1-0


[Site "https://www.chess.com"]

[Event "Titled Tuesday Blitz April 4 Late 2023"]
[White "Urazayev, Arystanbek"]
[Black "TimGrutter03"]
[WhiteFideId "13709810"]
[WhiteElo "2449"]
[BlackElo "2589"]
[Result "1/2-1/2"]
[Round "09"]
[TimeControl "180+2"]
[Date "2023.04.04"]
[WhiteClock "0:00:51"]
[BlackClock "0:00:08"]

1. e4 g6 2. d4 Bg7 3. Nf3 d6 4. c3 Nf6 5. Nbd2 O-O 6. Bd3 e5 7. O-O Nc6 8. dxe5 Nxe5 9. Nxe5 dxe5 10. Nc4 Qe7 11. a4 Rd8 12. Qe2 a5 13. b3 b6 14. Rd1 Bb7 15. Ba3 Qe6 16. f3 Bf8 17. Bxf8 Kxf8 18. Qe3 Nd7 19. Na3 Nc5 20. Bc4 Qe7 21. Nc2 Rxd1+ 22. Rxd1 Rd8 23. Qh6+ Kg8 24. Rd2 Rxd2 25. Qxd2 Qd7 26. Qxd7 Nxd7 27. b4 Kf8 28. Kf2 Bc6 29. Bb3 Ke7 30. Ke2 Nf8 31. Ne3 Ne6 32. bxa5 bxa5 33. Nc4 Nc5 34. Nxe5 Bxa4 35. Bxa4 Nxa4 36. Kd3 Nb6 37. Nc6+ Kd6 38. Nxa5 Nd7 39. Nb7+ Ke6 40. Kd4 f5 41. Nc5+ Nxc5 42. Kxc5 fxe4 43. fxe4 Ke5 44. Kc6 Kxe4 45. Kxc7 Kd3 46. Kd6 Kxc3 47. Ke5 Kd3 48. Kf6 Ke3 49. Kg7 Kf2 50. Kxh7 Kxg2 51. h4 Kh3 52. Kxg6 Kxh4 1/2-1/2


[Site "https://www.chess.com"]

[Event "Titled Tuesday Blitz April 4 Late 2023"]
[White "Romanchuk, Viktor"]
[Black "Castellanos Rodriguez, Renier"]
[WhiteFideId "14109271"]
[BlackFideId "3404650"]
[WhiteElo "2242"]
[BlackElo "2597"]
[Result "0-1"]
[Round "09"]
[TimeControl "180+2"]
[Date "2023.04.04"]
[WhiteClock "0:00:01"]
[BlackClock "0:01:30"]

1. d4 Nf6 2. c4 g6 3. Nc3 Bg7 4. Nf3 d6 5. g3 c6 6. Bg2 Bf5 7. O-O Ne4 8. Nxe4 Bxe4 9. e3 Nd7 10. Bd2 O-O 11. Bc3 b5 12. b3 bxc4 13. bxc4 c5 14. Rc1 Rb8 15. Nd2 Bxg2 16. Kxg2 cxd4 17. exd4 Qc7 18. Qe2 e6 19. h4 h5 20. Kg1 Rfc8 21. Ba1 Qa5 22. Nb3 Qa6 23. Rc2 Rc7 24. Rfc1 Rbc8 25. Kf1 Bh6 26. f4 Bg7 27. Kf2 Nf6 28. c5 Ng4+ 29. Ke1 Qc6 30. cxd6 Qxd6 31. Rxc7 Rxc7 32. Rxc7 Qxc7 33. Qb5 Kh7 34. Qd3 Qc6 35. Bc3 Qg2 36. Bd2 Nh2 37. Kd1 Nf3 0-1


[Site "https://www.chess.com"]